 Dungeon Crawl Stone Soup version 0.29.0-11-gd7f09526c8 (webtiles) character file.

Game seed: 12350869431249429314

71 styxcanada the Sneak (level 4, -2/23 HPs)
             Began as a Spriggan Brigand on Sept 5, 2022.
             Slain by a gnoll
             ... wielding a +0 spear
              (5 damage)
             ... on level 2 of the Dungeon.
             The game lasted 00:03:54 (1108 turns).

styxcanada the Sneak (Spriggan Brigand)             Turns: 1108, Time: 00:03:54

Health: -2/23      AC:  3    Str:  7    XL:     4   Next: 5%
Magic:  5/5        EV: 17    Int: 12    God:
Gold:   3          SH:  0    Dex: 18    Spells: 3/3 levels left

rFire   . . .      SeeInvis +   a - +2 dagger
rCold   . . .      Faith    .   (no shield)
rNeg    . . .      Spirit   .   b - +0 robe
rPois   .          Reflect  .   (helmet restricted)
rElec   .          Harm     .   c - +0 cloak
rCorr   .          Rampage  .   (gloves unavailable)
Will    .....                   (boots unavailable)
Stlth   ++++......              (no amulet)
HPRegen 0.07/turn               (no ring)
MPRegen 0.09/turn               (no ring)

@: very quick
A: very small, no large weapons, unfitting armour, see invisible, speed 3
a: no special abilities


You were on level 2 of the Dungeon.
You visited 1 branch of the dungeon, and saw 2 of its levels.

You collected 3 gold pieces.

Inventory:

Hand Weapons
 a - a +2 dagger (weapon)
Missiles
 d - a poisoned dart (quivered)
 e - 3 curare-tipped darts
 j - 10 stones
Armour
 b - a +0 robe (worn)
 c - a +0 cloak (worn)
Scrolls
 h - a scroll of enchant armour {unknown}
 i - a scroll of immolation {unknown}
 k - a scroll of identify {unknown}
Potions
 f - a potion of mutation {unknown}
 g - a potion of cancellation {unknown}
 l - a potion of attraction {unknown}


   Skills:
 * Level 1.9 Fighting
 + Level 2.3 Short Blades
 + Level 2.2 Throwing
 * Level 2.4 Dodging
 * Level 7.6 Stealth


You had 3 spell levels left.
You didn't know any spells.
Your spell library was empty.

Dungeon Overview and Level Annotations

Branches:
Dungeon (2/15)

Altars:

Shops:
D:1 (


Innate Abilities, Weirdness & Mutations

You are very small and have problems with some larger weapons.
You are too small for most types of armour.
You have supernaturally acute eyesight. (SInv)
You cover ground extremely quickly. (Speed+++)


Message History

You hit the goblin.
You kill the goblin!
The goblin shoots a sling bullet.
The sling bullet hits you.
A goblin comes into view. It is wielding a +0 dagger.
The goblin shoots a sling bullet.
The sling bullet hits you.
Things that are here:
a +0 club; a goblin corpse A frilled lizard comes into view.
A worm comes into view.
The goblin shoots a sling bullet.
The sling bullet barely misses you.
The frilled lizard hisses angrily.
The goblin unwields a +0 sling.
The goblin wields a +0 club.
The goblin completely misses you.
You barely miss the goblin. You barely miss the goblin.
The goblin closely misses you. The goblin hits you with a +0 dagger.
The gnoll barely misses you.
You hit the goblin but do no damage. The goblin closely misses you.
You hit the goblin.
The goblin is heavily wounded.
The goblin hits you but does no damage. The gnoll closely misses you.
The frilled lizard misses you. The goblin completely misses you.
You closely miss the goblin.
The gnoll looks more healthy.
The frilled lizard barely misses you. The goblin hits you but does no damage.
The gnoll barely misses you. The goblin misses you.
You hit the goblin.
You kill the goblin!
The frilled lizard closely misses you. The gnoll misses you.
The gnoll hits you from afar with a +0 spear!
* * * LOW HITPOINT WARNING * * *
The goblin completely misses you.
You hit the worm. You punch the worm, but do no damage.
The worm is lightly wounded.
The gnoll barely misses you. x2
The frilled lizard bites you but does no damage.
The goblin hits you but does no damage.
Unknown command.
You hit the frilled lizard.
You kill the frilled lizard!
The worm misses you. The gnoll closely misses you.
The gnoll hits you from afar with a +0 spear.
You die...

..#......# .#......#
.......### #........ .
#......# .. #
#####......###### #...
#......gw........ ...
#......@..# ...## #.#
#.........# #..#####..
#.......gg#####.........
########.)...g....#####(
#...........(...(.
##################..##.
#........# ##..#.
#........###########...
#.........)..).......#.


You could see a worm, 2 gnolls and a goblin.

Vanquished Creatures
  2 gnolls (D:2)
  2 adders (D:2)
  A dart slug (D:2)
  3 ball pythons
  6 bats
  5 endoplasms
  A giant cockroach (D:1)
  3 goblins
  A hobgoblin (D:1)
  A kobold (D:1)
  2 quokkas (D:1)
  2 frilled lizards
  3 rats (D:1)
32 creatures vanquished.

Notes
Turn   | Place    | Note
-------+----------+-------------------------------------------
     0 | D:1      | styxcanada the Spriggan Brigand began the quest for the
                  | Orb.
     0 | D:1      | Reached XP level 1. HP: 10/10 MP: 2/2
    61 | D:1      | Reached skill level 6 in Stealth
   171 | D:1      | Found Wejoan's Antique Weapon Shop.
   228 | D:1      | Reached XP level 2. HP: 15/15 MP: 3/3
   758 | D:2      | Found a faded altar of an unknown god.
   786 | D:2      | Reached XP level 3. HP: 12/18 MP: 4/4
   793 | D:2      | Reached skill level 7 in Stealth
   980 | D:2      | Reached XP level 4. HP: 17/23 MP: 5/5
  1108 | D:2      | Slain by a gnoll

Illustrated notes

Levels and vault maps discovered:
D:1:      nzn_arrival_depleted_hourglass, layout_loops_ring, serial_shops, shop
D:2:      layout_rooms, nicolae_ecumenical_snake_handling, basic_altar

Skill      XL: |  1  2  3 |
---------------+----------+-----
Stealth        | 6 7 |  7.6
Dodging        | 2 |  2.4
Fighting       | |  1.9
Short Blades   | |  2.3
Throwing       | |  2.2

Action                   |  1- 3 |  4- 6 || total
-------------------------+-------+-------++-------
Melee: Dagger            |    73 |    10 ||    83
       Punch             |     1 |     1 ||     2
Throw: Dart              |    18 |     7 ||    25
 Stab: Sleeping          |    11 |       ||    11
Armor: Robe              |    10 |     4 ||    14
Dodge: Dodged            |    55 |    19 ||    74
